[Event "Titled Tuesday Blitz March 22 Late 2022"]
[White "Rostovtsev, Dmitry"]
[Black "Paravyan, David"]
[WhiteFideId "34278320"]
[BlackFideId "4194985"]
[WhiteElo "2359"]
[BlackElo "2569"]
[Result "1/2-1/2"]
[Round "02"]
[TimeControl "180+1"]
[Date "2022.03.22"]
[WhiteClock "0:01:06"]
[BlackClock "0:00:31"]

1. e4 e5 2. Nf3 Nf6 3. d4 Nxe4 4. Bd3 d5 5. dxe5 Nc5 6. Be2 Nc6 7. O-O Be7 8. a3 Bg4 9. h3 Bh5 10. b4 Ne6 11. b5 Bxf3 12. Bxf3 Ncd4 13. c3 Nxf3+ 14. Qxf3 Qd7 15. a4 a6 16. Rd1 axb5 17. Rxd5 Qc8 18. Rxb5 c6 19. Rb2 Qc7 20. Be3 O-O 21. Nd2 b5 22. Qe4 bxa4 23. Rxa4 Rxa4 24. Qxa4 Qxe5 25. Qxc6 Bc5 26. Nf3 Qxc3 27. Bxc5 Qxb2 28. Bxf8 Nxf8 29. Qc8 Qf6 30. Qe8 g6 31. Kh1 Kg7 32. Qe5 Ne6 33. Kh2 h5 34. g4 hxg4 35. hxg4 Qxe5+ 36. Nxe5 Kf6 37. Nf3 Nf4 38. Kg3 Nd3 39. Nd2 Ke5 40. Nf3+ Kf6 41. Nd2 g5 42. Ne4+ Kg6 43. Nd6 Nf4 44. Ne4 Ne6 45. Nd6 Nf4 46. Ne4 f6 47. Kf3 Ne6 48. Kg3 Nd4 49. Kg2 Kf7 50. Kg3 Ke6 51. Nd2 Ke5 52. Nf3+ Nxf3 53. Kxf3 Kd4 54. Ke2 Ke4 55. f3+ Ke5 56. Ke3 f5 57. gxf5 Kxf5 58. Ke2 Kf4 59. Kf2 g4 60. fxg4 Kxg4 1/2-1/2


[Site "https://www.chess.com"]

[Event "Titled Tuesday Blitz March 22 Late 2022"]
[White "Sailer, Mike"]
[Black "Horak, Martin"]
[WhiteFideId "2012901"]
[BlackFideId "367095"]
[WhiteElo "2109"]
[BlackElo "1997"]
[Result "0-1"]
[Round "02"]
[TimeControl "180+1"]
[Date "2022.03.22"]
[WhiteClock "0:00:08"]
[BlackClock "0:00:46"]

1. d4 Nf6 2. Nf3 c5 3. e3 g6 4. Be2 Bg7 5. O-O O-O 6. b3 cxd4 7. exd4 d5 8. Bf4 Nc6 9. Nbd2 Ne4 10. Nxe4 dxe4 11. Ng5 Nxd4 12. Bc4 b5 13. Bxf7+ Rxf7 14. Nxf7 Kxf7 15. c3 Ne6 16. Qg4 Nxf4 17. Qxf4+ Kg8 18. Rad1 Qf8 19. Qxe4 Bf5 20. Qd5+ Kh8 21. Qxb5 Bxc3 22. Qc5 Bf6 23. h3 Qc8 24. Qe3 Qc6 25. Rc1 Qb6 26. Qf3 Rf8 27. Rfd1 Bd4 28. Rd2 Bf6 29. Rcd1 Bc8 30. Qa8 Kg7 31. Qe4 Bb7 32. Qe6 Qxe6 0-1


[Site "https://www.chess.com"]

[Event "Titled Tuesday Blitz March 22 Late 2022"]
[White "Sanal, Vahap"]
[Black "Taichman, Ori"]
[WhiteFideId "6300545"]
[BlackFideId "2804069"]
[WhiteElo "2603"]
[BlackElo "2227"]
[Result "1-0"]
[Round "02"]
[TimeControl "180+1"]
[Date "2022.03.22"]
[WhiteClock "0:01:42"]
[BlackClock "0:00:05"]

1. e4 c5 2. Nf3 Nc6 3. d4 cxd4 4. Nxd4 d5 5. Nxc6 bxc6 6. exd5 Qxd5 7. Bd2 e5 8. Nc3 Qe6 9. Be2 Nf6 10. O-O Be7 11. b3 O-O 12. Bc4 Qf5 13. Re1 Bc5 14. Qe2 Rd8 15. Bd3 e4 16. Nxe4 Nxe4 17. Bxe4 Qxf2+ 18. Qxf2 Bxf2+ 19. Kxf2 Rxd2+ 20. Re2 Rxe2+ 21. Kxe2 Bg4+ 22. Kf2 Rd8 23. h3 Bh5 24. Ke3 c5 25. Rf1 Re8 26. Kd3 Be2+ 27. Kxe2 Rxe4+ 28. Kd3 Rd4+ 29. Ke3 g6 30. Rf6 Rd7 31. Rc6 Re7+ 32. Kd3 Rd7+ 33. Kc3 Rd5 34. Ra6 Rg5 35. g4 h5 36. Rxa7 hxg4 37. hxg4 Rxg4 38. a4 Rg3+ 39. Kc4 f5 40. a5 f4 41. Rd7 f3 42. Rd1 f2 43. Rf1 Rf3 44. a6 Rf7 45. Kxc5 g5 46. a7 Rxa7 47. Rxf2 g4 48. b4 g3 49. Rg2 Rc7+ 50. Kd4 Kf7 51. c4 Rd7+ 52. Kc3 Ke6 53. Rxg3 Rh7 54. Rd3 Rh1 55. b5 Rb1 56. Rd2 Ke5 57. Rd5+ Ke6 58. Kd4 Ke7 59. Kc5 Ke6 60. Kc6 Ke7 61. c5 Ke6 62. b6 Rb2 63. Rd6+ Ke7 64. b7 Ke8 65. Kc7 Ke7 66. b8=Q Rxb8 67. Kxb8 1-0


[Site "https://www.chess.com"]

[Event "Titled Tuesday Blitz March 22 Late 2022"]
[White "Sapunov, Evgeny"]
[Black "Dilanyan, Grigor"]
[WhiteFideId "4126661"]
[BlackFideId "13303570"]
[WhiteElo "2470"]
[BlackElo "2279"]
[Result "0-1"]
[Round "02"]
[TimeControl "180+1"]
[Date "2022.03.22"]
[WhiteClock "0:00:30"]
[BlackClock "0:00:22"]

1. c4 Nf6 2. Nf3 g6 3. Nc3 Bg7 4. e4 d6 5. d4 O-O 6. Be2 e5 7. O-O Qe8 8. dxe5 dxe5 9. h3 Na6 10. Be3 b6 11. Qc2 Bb7 12. a3 Nc5 13. Bxc5 bxc5 14. Nd5 Rc8 15. Rfd1 Nh5 16. Nd2 Nf4 17. Bg4 Rd8 18. Nxc7 Qe7 19. Nd5 Bxd5 20. cxd5 h5 21. Bf3 Qg5 22. Kh2 Rb8 23. Nc4 h4 24. Rab1 Rfc8 25. b3 Kh7 26. Bg4 Rf8 27. Rd2 f5 28. Bf3 Rf7 29. Rbd1 Rfb7 30. Rb1 Rd7 31. Rdd1 Rf8 32. Na5 Rdf7 33. Nc4 fxe4 34. Qxe4 Nh5 35. Qg4 Qh6 36. d6 Rf4 37. Qe6 Rxf3 38. gxf3 Qf4+ 39. Kg1 Rf5 40. Rd3 Qg5+ 41. Kf1 Nf4 42. Rbd1 Qg2+ 43. Ke1 Qg1+ 44. Kd2 Qxf2+ 45. Kc1 Qa2 46. d7 Ne2# 0-1


[Site "https://www.chess.com"]

[Event "Titled Tuesday Blitz March 22 Late 2022"]
[White "Sarana, Alexey"]
[Black "Sochacki, Christophe"]
[WhiteFideId "24133795"]
[BlackFideId "662569"]
[WhiteElo "2666"]
[BlackElo "2480"]
[Result "1-0"]
[Round "02"]
[TimeControl "180+1"]
[Date "2022.03.22"]
[WhiteClock "0:00:19"]
[BlackClock "0:00:13"]

1. d4 Nc6 2. Nf3 d6 3. e4 Nf6 4. Bd3 Bg4 5. c3 g6 6. d5 Bxf3 7. gxf3 Ne5 8. Be2 Bg7 9. Be3 O-O 10. Nd2 Qd7 11. h4 c6 12. c4 cxd5 13. cxd5 Rac8 14. Bxa7 Bh6 15. Be3 Bxe3 16. fxe3 Qc7 17. f4 Ned7 18. Kf2 Nc5 19. Qb1 e5 20. dxe6 fxe6 21. b4 Na4 22. Qb3 Nc3 23. Bf3 d5 24. e5 d4 25. Qxe6+ Kg7 26. exd4 Nfd5 27. Bxd5 Rce8 28. Qd6 Qxd6 29. exd6 Re2+ 30. Kf3 Rxd2 31. Ke3 Rb2 32. Bb3 Re8+ 33. Kd3 Ne4 34. Rhe1 Rd2+ 35. Ke3 Rh2 36. d7 Rh3+ 37. Ke2 Rd8 38. Be6 Ra3 39. Rac1 Nc3+ 40. Kd2 Ne4+ 41. Rxe4 1-0


[Site "https://www.chess.com"]

[Event "Titled Tuesday Blitz March 22 Late 2022"]
[White "Saveliev, Alexei"]
[Black "Niemann, Hans Moke"]
[WhiteFideId "24128546"]
[BlackFideId "2093596"]
[WhiteElo "2281"]
[BlackElo "2632"]
[Result "0-1"]
[Round "02"]
[TimeControl "180+1"]
[Date "2022.03.22"]
[WhiteClock "0:00:41"]
[BlackClock "0:01:53"]

1. c4 g6 2. Nc3 Bg7 3. d4 c5 4. d5 Bxc3+ 5. bxc3 f5 6. e4 fxe4 7. f3 e5 8. Be3 d6 9. g3 Nf6 10. fxe4 Nxe4 11. Bd3 Nf6 12. Ne2 O-O 13. O-O Bh3 14. Qd2 Bxf1 15. Rxf1 Ng4 16. Rxf8+ Qxf8 17. h3 Nxe3 18. Qxe3 Nd7 19. g4 Qe7 20. Ng3 Rf8 21. Ne4 Rf4 22. Bc2 Nf6 23. Ng3 Qf7 24. Kg2 Rxc4 25. Bb3 Rf4 26. c4 Nd7 27. Ne4 Rxe4 28. Qxe4 Qf4 29. Qe1 Nf6 30. Qa5 Ne4 31. Qd8+ Qf8 32. Qh4 Qf6 33. Qe1 Qf4 34. Bc2 Nd2 35. Qe2 Nxc4 36. Be4 Ne3+ 0-1


[Site "https://www.chess.com"]

[Event "Titled Tuesday Blitz March 22 Late 2022"]
[White "Schuster, Karsten"]
[Black "Seul, Georg"]
[WhiteFideId "4611071"]
[BlackFideId "4601653"]
[WhiteElo "2367"]
[BlackElo "2271"]
[Result "1-0"]
[Round "02"]
[TimeControl "180+1"]
[Date "2022.03.22"]
[WhiteClock "0:01:41"]
[BlackClock "0:00:10"]

1. d4 f5 2. c4 Nf6 3. Nc3 d6 4. f3 e5 5. d5 g6 6. e4 Bg7 7. Bd3 O-O 8. Nge2 Na6 9. Bg5 h6 10. Bh4 Nc5 11. Bc2 g5 12. Bf2 fxe4 13. fxe4 Ng4 14. Bxc5 dxc5 15. Qd2 Bd7 16. h3 Nf6 17. O-O-O Nh5 18. h4 g4 19. g3 Rf3 20. Rdg1 Qe7 21. Kb1 Raf8 22. Bd1 a6 23. Nc1 Rxg3 24. Rxg3 Nxg3 25. Rg1 Qxh4 26. Qe1 Nf5 27. exf5 Bxf5+ 28. Bc2 Bxc2+ 29. Kxc2 Qh2+ 30. Kb1 Rf2 31. Nd3 g3 32. Ne4 Re2 33. Qxg3 Qxg3 34. Nxg3 Rd2 35. Nf5 Rxd3 36. Rxg7+ Kf8 37. Rxc7 1-0


[Site "https://www.chess.com"]

[Event "Titled Tuesday Blitz March 22 Late 2022"]
[White "Shandrygin, Nikita"]
[Black "Zanette, Edgard Vinicius"]
[WhiteFideId "24198668"]
[BlackFideId "2109263"]
[WhiteElo "2324"]
[BlackElo "2182"]
[Result "1-0"]
[Round "02"]
[TimeControl "180+1"]
[Date "2022.03.22"]
[WhiteClock "0:00:11"]
[BlackClock "0:00:09"]

1. Nf3 d5 2. g3 Nf6 3. Bg2 c6 4. O-O Bf5 5. d4 h6 6. b3 e6 7. Bb2 Be7 8. Nbd2 O-O 9. c4 Nbd7 10. Ne5 Nxe5 11. dxe5 Nd7 12. e4 dxe4 13. Nxe4 Bxe4 14. Bxe4 Nc5 15. Bc2 Qxd1 16. Rfxd1 Rfd8 17. Bc3 Rxd1+ 18. Rxd1 Rd8 19. Rxd8+ Bxd8 20. b4 Nd7 21. a3 Bc7 22. f4 Nb6 23. Bb3 Nd7 24. Kg2 Kf8 25. Kf3 Ke7 26. Ke4 f5+ 27. exf6+ Nxf6+ 28. Kf3 Bd6 29. g4 b5 30. g5 hxg5 31. fxg5 Ne8 32. h4 g6 33. Kg4 bxc4 34. Bxc4 Nc7 35. h5 gxh5+ 36. Kxh5 Kf7 37. Bd4 a6 38. Bd3 Nb5 39. Bb2 Bf8 40. Bg6+ Kg8 41. Be8 c5 42. Kg6 Be7 43. Bf7+ Kf8 44. Bg7# 1-0


[Site "https://www.chess.com"]

[Event "Titled Tuesday Blitz March 22 Late 2022"]
[White "Sharafiev, Azat"]
[Black "Urazayev, Arystanbek"]
[WhiteFideId "4186214"]
[BlackFideId "13709810"]
[WhiteElo "2299"]
[BlackElo "2393"]
[Result "1/2-1/2"]
[Round "02"]
[TimeControl "180+1"]
[Date "2022.03.22"]
[WhiteClock "0:00:18"]
[BlackClock "0:00:22"]

1. d4 d5 2. c4 e6 3. Nc3 a6 4. cxd5 exd5 5. Nf3 c6 6. Bg5 Be7 7. Bxe7 Nxe7 8. e3 O-O 9. Be2 Bf5 10. O-O Nd7 11. b4 Nc8 12. a4 Nf6 13. b5 cxb5 14. axb5 a5 15. Ne5 Nd6 16. Qb3 Nde4 17. Rfc1 Nxc3 18. Qxc3 Rc8 19. Qd2 Rxc1+ 20. Qxc1 Qb6 21. Qc5 Qe6 22. b6 Ne4 23. Qxa5 f6 24. Nd3 Rc8 25. Nf4 Qd6 26. Qxd5+ Qxd5 27. Nxd5 Kf7 28. Nc7 Nd6 29. Bf3 Rb8 30. h4 g5 31. hxg5 fxg5 32. Ra5 g4 33. Bd5+ Kf6 34. f3 gxf3 35. gxf3 Nc8 36. Rb5 Bd7 37. Rb2 Ne7 38. Be4 h5 39. Rh2 Rh8 40. Bxb7 Rb8 41. Be4 Rxb6 42. Rxh5 Rb3 43. Kf2 Rb2+ 44. Kg3 Ba4 45. Nd5+ Nxd5 46. Rxd5 Bd1 47. Kf4 Rh2 48. Rd6+ Ke7 49. Rb6 Rh4+ 50. Kg5 Rh1 51. Kf4 Rh4+ 52. Kg3 Rh1 53. f4 Re1 54. f5 Rxe3+ 55. Kf4 Re1 56. Rb1 Rxe4+ 57. Kxe4 Bc2+ 58. Ke5 Bxb1 59. f6+ Kf7 60. d5 Ba2 61. d6 Be6 62. d7 Bxd7 63. Kd6 Be6 64. Kc7 Kxf6 1/2-1/2


[Site "https://www.chess.com"]

[Event "Titled Tuesday Blitz March 22 Late 2022"]
[White "Shimanov, Aleksandr"]
[Black "Arabidze, Meri"]
[WhiteFideId "4198603"]
[BlackFideId "13604040"]
[WhiteElo "2636"]
[BlackElo "2335"]
[Result "1-0"]
[Round "02"]
[TimeControl "180+1"]
[Date "2022.03.22"]
[WhiteClock "0:00:29"]
[BlackClock "0:00:02"]

1. e4 c5 2. Nf3 e6 3. c3 d5 4. e5 d4 5. Bd3 Nc6 6. O-O Nge7 7. Be4 Qc7 8. Re1 Ng6 9. Bxc6+ Qxc6 10. cxd4 cxd4 11. Nxd4 Qd5 12. Nf3 Bd7 13. Nc3 Qa5 14. d4 Bc6 15. Bd2 Rd8 16. h4 Be7 17. h5 Nf8 18. h6 gxh6 19. Ne4 Qd5 20. Bxh6 Rg8 21. Ng3 Rg4 22. Qb3 Qxb3 23. axb3 Bxf3 24. gxf3 Rgxd4 25. Rxa7 Rb4 26. Nh5 Ng6 27. Re3 Bc5 28. Nf6+ Ke7 29. Rc3 Rc8 30. Ra5 b6 31. Ra7+ 1-0


[Site "https://www.chess.com"]

[Event "Titled Tuesday Blitz March 22 Late 2022"]
[White "Sliwicki, Damian"]
[Black "Halkias, Stelios"]
[WhiteFideId "1127128"]
[BlackFideId "4201809"]
[WhiteElo "2067"]
[BlackElo "2453"]
[Result "1-0"]
[Round "02"]
[TimeControl "180+1"]
[Date "2022.03.22"]
[WhiteClock "0:00:10"]
[BlackClock "0:00:30"]

1. e4 e5 2. Nf3 Nc6 3. d4 exd4 4. Bc4 Nf6 5. O-O Nxe4 6. Nc3 Nxc3 7. bxc3 d5 8. Bb5 Be7 9. Ne5 Bd7 10. Bxc6 bxc6 11. Re1 O-O 12. cxd4 Bd6 13. Qf3 f6 14. Nd3 Re8 15. Bf4 Rxe1+ 16. Rxe1 Qf8 17. h3 Re8 18. Rb1 Rb8 19. Re1 h6 20. Qg3 Kh8 21. Qf3 Qf7 22. Qg3 Qf8 23. Qf3 a5 24. a4 Re8 25. Rb1 Re4 26. c3 Qe8 27. Qg3 Rxf4 28. Nxf4 Qe4 29. Qg6 Qxg6 30. Nxg6+ Kg8 31. Rb8+ Kf7 32. Nh8+ Ke7 33. Ra8 c5 34. Rxa5 c4 35. Ra7 Bf5 36. a5 Kd7 37. a6 Kc6 38. Nf7 Bf4 39. Ra8 Kb6 40. Nd8 Bd2 41. a7 Bxc3 42. Nc6 Kxc6 43. Rb8 Bxd4 44. a8=Q+ Kd6 45. Qa6+ Bb6 46. Rxb6+ cxb6 47. Qxb6+ Ke5 48. Qe3+ Kd6 49. Qd4 Be6 50. f4 Kc6 51. Kf2 Bf5 52. Ke3 Be4 53. g3 Kb5 54. Kd2 Kb4 55. Qb2+ Kc5 56. Qa3+ Kb5 57. Kc3 f5 58. Qb4+ Kc6 59. Kd4 Kd7 60. Qb7+ Kd6 61. Qxg7 Kc6 62. Qxh6+ Kb5 63. Qd6 Ka4 64. Kc3 Kb5 65. Qb4+ Kc6 66. Kd4 Kd7 67. h4 Ke6 68. h5 Kf7 69. Qd6 Kg7 70. Qg6+ Kf8 71. h6 Ke7 72. h7 Kd7 73. h8=Q 1-0


[Site "https://www.chess.com"]

[Event "Titled Tuesday Blitz March 22 Late 2022"]
[White "Svane, Rasmus"]
[Black "Rastbod, Ali"]
[WhiteFideId "4657101"]
[BlackFideId "12567477"]
[WhiteElo "2645"]
[BlackElo "2200"]
[Result "1-0"]
[Round "02"]
[TimeControl "180+1"]
[Date "2022.03.22"]
[WhiteClock "0:01:11"]
[BlackClock "0:00:04"]

1. Nf3 d5 2. g3 Nd7 3. d4 Nb6 4. Nc3 Bf5 5. a4 a5 6. Bg2 e6 7. Nh4 Bg4 8. h3 Bh5 9. O-O Be7 10. Nf3 Nf6 11. Ne5 O-O 12. g4 Bg6 13. Nxg6 hxg6 14. e4 Re8 15. Qd3 c5 16. dxc5 Bxc5 17. exd5 Nbxd5 18. Nxd5 Nxd5 19. c3 Qc7 20. Qf3 Rad8 21. Bd2 b6 22. Rad1 Rd6 23. h4 Red8 24. h5 gxh5 25. gxh5 f5 26. h6 gxh6 27. Bxh6 Qh7 28. Bg5 R8d7 29. Rfe1 Kf7 30. c4 Nb4 31. Rxd6 Rxd6 32. Qb7+ Kg6 33. Be7 Nc6 34. Bxc6 Rxc6 35. Qxc6 1-0


[Site "https://www.chess.com"]

[Event "Titled Tuesday Blitz March 22 Late 2022"]
[White "Svicevic, Rastko"]
[Black "Gokerkan, Cem Kaan"]
[WhiteFideId "916315"]
[BlackFideId "6336760"]
[WhiteElo "2132"]
[BlackElo "2382"]
[Result "1-0"]
[Round "02"]
[TimeControl "180+1"]
[Date "2022.03.22"]
[WhiteClock "0:00:05"]
[BlackClock "0:00:07"]

1. d4 g6 2. e4 Bg7 3. Nc3 d6 4. f4 a6 5. a4 Nf6 6. Nf3 O-O 7. Be3 Nc6 8. e5 Ng4 9. Bg1 dxe5 10. dxe5 Bf5 11. h3 Qxd1+ 12. Rxd1 Nh6 13. Rd2 Nb4 14. Nd4 Rfd8 15. g4 Bd7 16. Bg2 c5 17. Nb3 c4 18. Na5 Bc6 19. Nxc6 bxc6 20. Bc5 Rxd2 21. Kxd2 Rd8+ 22. Kc1 Nd5 23. Rd1 e6 24. Bf1 Bf8 25. Bxf8 Rxf8 26. Rd4 c5 27. Re4 a5 28. Bxc4 Nxc3 29. bxc3 Rd8 30. Bb5 Kf8 31. Rc4 Rc8 32. Kd2 Ng8 33. Ke3 Ne7 34. Ke4 Nd5 35. Ba6 Rc7 36. f5 Nb6 37. fxe6 fxe6 38. Bb5 Ke7 39. Kd3 Nxc4 40. Kxc4 Rc8 41. Ba6 Rc7 42. Kb5 g5 43. Kxa5 c4 44. Kb6 Rd7 45. Bb5 Rd5 46. a5 Rxe5 47. a6 Rd5 48. a7 Rd8 49. Bc6 Kd6 50. a8=Q Rxa8 51. Bxa8 Ke5 52. Kc5 Kf4 53. Kxc4 Kg3 54. Be4 Kxh3 55. Kd4 Kxg4 56. Bxh7 Kf4 57. c4 e5+ 58. Kd5 g4 59. Be4 g3 60. c5 1-0


[Site "https://www.chess.com"]

[Event "Titled Tuesday Blitz March 22 Late 2022"]
[White "Szpar, Milosz"]
[Black "Yi, Richard"]
[WhiteFideId "1184989"]
[BlackFideId "2079518"]
[WhiteElo "2447"]
[BlackElo "2147"]
[Result "1-0"]
[Round "02"]
[TimeControl "180+1"]
[Date "2022.03.22"]
[WhiteClock "0:01:41"]
[BlackClock "0:00:27"]

1. e4 e5 2. Nf3 Nc6 3. Bb5 Nf6 4. d3 Bc5 5. c3 d5 6. Nbd2 dxe4 7. dxe4 O-O 8. O-O Qe7 9. h3 a5 10. Re1 Nb8 11. a4 Rd8 12. Qe2 c6 13. Bc4 Nbd7 14. Nf1 Nf8 15. Ng3 h6 16. Nh4 Be6 17. Nhf5 Qe8 18. Bd3 Ng6 19. Bc2 Nf4 20. Qf3 Ng6 21. Nxh6+ Kf8 22. Nhf5 Qd7 23. Bg5 Re8 24. Nxg7 Kxg7 25. Bxf6+ Kg8 26. Rad1 Qc7 27. Qh5 Bf8 28. Nf5 1-0


[Site "https://www.chess.com"]

[Event "Titled Tuesday Blitz March 22 Late 2022"]
[White "Sztokbant, Bernardo Vainzoff"]
[Black "Mikhailovsky, Vladimir"]
[WhiteFideId "2115956"]
[BlackFideId "34105414"]
[WhiteElo "2237"]
[BlackElo "2371"]
[Result "0-1"]
[Round "02"]
[TimeControl "180+1"]
[Date "2022.03.22"]
[WhiteClock "0:00:05"]
[BlackClock "0:00:13"]

1. e4 c6 2. d4 d5 3. Nd2 dxe4 4. Nxe4 Nf6 5. Nxf6+ exf6 6. Nf3 Bd6 7. Be3 O-O 8. Bd3 Re8 9. O-O Nd7 10. Re1 Nf8 11. Qd2 Ng6 12. c4 Bg4 13. Be2 f5 14. Qc2 Bxf3 15. Bxf3 Qh4 16. g3 Qh3 17. Bg2 Qh5 18. f4 Re7 19. Bf2 Rae8 20. Qd2 Nf8 21. Rxe7 Rxe7 22. Re1 Qg6 23. Rxe7 Bxe7 24. Qe2 Qd6 25. a3 Bf6 26. d5 c5 27. b4 b6 28. bxc5 bxc5 29. Qe8 g6 30. Qc8 Bd4 31. Bxd4 cxd4 32. c5 Qe7 33. Bf3 d3 34. d6 Qe3+ 35. Kg2 d2 36. Qa8 Qd3 37. Bd1 Kg7 38. Qf3 Qc4 39. Qe3 Qd5+ 40. Kf2 Ne6 41. Qe5+ Qxe5 42. fxe5 Nxc5 43. Ke3 f6 44. Kd4 Ne6+ 45. Kd5 Kf7 46. exf6 Kxf6 47. Kc6 g5 48. d7 f4 49. gxf4 gxf4 50. Kd6 Kf5 51. Bc2+ Kf6 52. Bd1 h6 53. a4 a5 54. Be2 Nd8 55. Bd1 Nf7+ 56. Kc7 Ke5 57. Bb3 Kf6 58. Bxf7 d1=Q 59. d8=Q+ Qxd8+ 60. Kxd8 Kxf7 61. Kc7 f3 62. Kb7 f2 63. Kb6 f1=Q 64. Kxa5 0-1


[Site "https://www.chess.com"]

[Event "Titled Tuesday Blitz March 22 Late 2022"]
[White "Tabatabaei, M. Amin"]
[Black "Thavandiran, Shiyam"]
[WhiteFideId "12521213"]
[BlackFideId "2605058"]
[WhiteElo "2544"]
[BlackElo "2357"]
[Result "1-0"]
[Round "02"]
[TimeControl "180+1"]
[Date "2022.03.22"]
[WhiteClock "0:00:38"]
[BlackClock "0:00:02"]

1. e4 e6 2. Qe2 c5 3. Nf3 Nc6 4. g3 g6 5. Bg2 Bg7 6. O-O Nge7 7. c3 e5 8. a3 O-O 9. b4 b6 10. d3 d6 11. Nbd2 h6 12. Bb2 Bg4 13. h3 Be6 14. Kh2 Qd7 15. Rfe1 Rad8 16. b5 Na5 17. d4 exd4 18. cxd4 d5 19. a4 dxe4 20. Nxe4 cxd4 21. Bxd4 Bxd4 22. Red1 Bxa1 23. Rxd7 Rxd7 24. h4 Bg7 25. Ng1 Nf5 26. Bh3 Nd4 27. Qe3 Nc4 28. Qf4 Bxh3 29. Nxh3 f5 30. Nc3 Ne5 31. Ng1 Ng4+ 32. Kg2 Rc8 33. Nd1 Ne6 34. Qf3 Kh7 35. h5 Rc2 36. hxg6+ Kxg6 37. Qb3 Nd4 38. Qg8 Rd2 39. Qe8+ Rf7 40. Nh3 Rxd1 41. Nf4+ Kf6 42. Qd8+ Ke5 43. Qd5+ Kf6 44. Qd6+ 1-0


[Site "https://www.chess.com"]

[Event "Titled Tuesday Blitz March 22 Late 2022"]
[White "Tanenbaum, Zachary"]
[Black "Chigaev, Maksim"]
[WhiteFideId "2060850"]
[BlackFideId "4108116"]
[WhiteElo "2168"]
[BlackElo "2502"]
[Result "0-1"]
[Round "02"]
[TimeControl "180+1"]
[Date "2022.03.22"]
[WhiteClock "0:00:25"]
[BlackClock "0:00:44"]

1. e4 c5 2. Nf3 d6 3. d4 cxd4 4. Nxd4 Nf6 5. Nc3 a6 6. Be3 e5 7. Nb3 Be6 8. h3 Nbd7 9. g4 h6 10. Qd2 Rc8 11. O-O-O Be7 12. Kb1 b5 13. f4 Qc7 14. f5 Bc4 15. Bxc4 Qxc4 16. Qd3 b4 17. Nd5 Nxe4 18. Na5 Qxd3 19. cxd3 Nef6 20. Nxb4 Nc5 21. d4 exd4 22. Bxd4 O-O 23. Nac6 Bd8 24. Nxd8 Rfxd8 25. Bxf6 gxf6 26. Nd5 Kg7 27. Rhe1 Re8 28. Nf4 Ne4 29. Nh5+ Kf8 30. Rd4 Nd2+ 31. Rxd2 Rxe1+ 32. Rd1 Rxd1# 0-1


[Site "https://www.chess.com"]

[Event "Titled Tuesday Blitz March 22 Late 2022"]
[White "Thomas, Anysia"]
[Black "Estrada Nieto, Julian"]
[WhiteFideId "670472"]
[BlackFideId "5101018"]
[WhiteElo "2002"]
[BlackElo "2246"]
[Result "0-1"]
[Round "02"]
[TimeControl "180+1"]
[Date "2022.03.22"]
[WhiteClock "0:00:05"]
[BlackClock "0:00:09"]

1. d4 d5 2. c4 dxc4 3. Nf3 Nf6 4. Nc3 a6 5. e4 b5 6. e5 Nd5 7. a4 e6 8. axb5 Nb6 9. Be3 Bb4 10. bxa6 Rxa6 11. Be2 Rxa1 12. Qxa1 O-O 13. O-O Bb7 14. Rd1 N8d7 15. Qb1 h6 16. Qc1 Kh7 17. Qc2+ Kh8 18. Ne4 Qe7 19. Ned2 Bd5 20. Nxc4 Nxc4 21. Bxc4 Bxf3 22. gxf3 Nb6 23. Ba2 Nd5 24. Kh1 Ba5 25. Qc1 Qh4 26. Rg1 Bb6 27. Rg4 Qh3 28. Rg3 Qh5 29. Bc4 Ra8 30. Be2 Nxe3 31. fxe3 Qf5 32. Rg1 Qh3 33. Qe1 Ra2 34. Rg3 Qf5 35. Rg1 Rxb2 36. Qg3 g6 37. Bd1 Ba5 38. Qh4 Kg7 39. e4 g5 40. exf5 Bd2 41. f6+ Kh7 42. Qg3 Bf4 43. Qe1 Rxh2# 0-1


[Site "https://www.chess.com"]

[Event "Titled Tuesday Blitz March 22 Late 2022"]
[White "Toncheva, Nadya"]
[Black "Kozak, Adam"]
[WhiteFideId "2924056"]
[BlackFideId "753246"]
[WhiteElo "1884"]
[BlackElo "2459"]
[Result "0-1"]
[Round "02"]
[TimeControl "180+1"]
[Date "2022.03.22"]
[WhiteClock "0:00:01"]
[BlackClock "0:01:00"]

1. e4 c5 2. Nf3 a6 3. c4 e6 4. d4 cxd4 5. Nxd4 Nf6 6. Nc3 Bb4 7. Qd3 Qc7 8. Be2 Nc6 9. Nxc6 bxc6 10. f3 e5 11. O-O h6 12. a3 Bc5+ 13. Be3 Qb6 14. Bxc5 Qxc5+ 15. Kh1 O-O 16. b4 Qe7 17. Rfd1 a5 18. b5 a4 19. Rdb1 Qc5 20. Rb4 Nh5 21. g3 Nf6 22. Nxa4 Qe7 23. Nb6 Rb8 24. bxc6 dxc6 25. Rd1 Be6 26. Qd6 Qa7 27. Na4 Rxb4 28. Qxb4 Qe3 29. Nc3 Bh3 30. Qb2 Qf2 31. Rg1 Rd8 32. a4 Kh7 33. a5 Rd3 34. a6 Rxc3 35. Qxc3 Qxe2 36. a7 Nxe4 37. Qe3 Qxe3 0-1


[Site "https://www.chess.com"]

[Event "Titled Tuesday Blitz March 22 Late 2022"]
[White "Tristan, Leonardo"]
[Black "Cavanah, Troy"]
[WhiteFideId "113816"]
[BlackFideId "30949670"]
[WhiteElo "2404"]
[BlackElo "1878"]
[Result "1-0"]
[Round "02"]
[TimeControl "180+1"]
[Date "2022.03.22"]
[WhiteClock "0:01:01"]
[BlackClock "0:00:08"]

1. e4 c5 2. Nc3 Nc6 3. Bb5 Nd4 4. Nf3 g6 5. Bc4 Bg7 6. Nxd4 cxd4 7. Qf3 e6 8. Nb5 d6 9. Qa3 Bf8 10. Nxd4 Bd7 11. Qc3 Rc8 12. Nxe6 Bxe6 13. Bb5+ Bd7 14. Bxd7+ Qxd7 15. Qxh8 Qg4 16. O-O Nh6 17. d3 Qh4 18. Bxh6 Qxh6 19. c3 Qd2 20. Qd4 Rc5 21. b4 Rh5 22. Qxa7 Qf4 23. Qb8+ Ke7 24. h3 Qg5 25. Qxb7+ Kf6 26. Qd5 Qxd5 27. exd5 Rxd5 28. d4 Ke6 29. a4 Be7 30. a5 Rb5 31. a6 Rb8 32. a7 Ra8 33. Rfe1+ Kd7 34. Rxe7+ Kxe7 35. b5 Kd7 36. c4 Kc7 37. c5 Kb7 38. b6 Kc6 39. Kf1 dxc5 40. dxc5 f5 41. Ke2 Re8+ 42. Kf3 Kb7 43. a8=Q+ Rxa8 44. Rxa8 Kxa8 45. c6 Kb8 46. c7+ Kc8 47. Kf4 Kb7 48. Kg5 Kc8 49. Kh6 Kb7 50. Kxh7 Kxb6 51. c8=Q Kb5 52. Kxg6 Ka4 53. Kxf5 Kb3 54. Qc5 Kb2 55. Qc4 1-0


[Site "https://www.chess.com"]

[Event "Titled Tuesday Blitz March 22 Late 2022"]
[White "Vovk, Orest"]
[Black "Curtis, John"]
[WhiteFideId "14113490"]
[BlackFideId "3200256"]
[WhiteElo "2203"]
[BlackElo "2203"]
[Result "1/2-1/2"]
[Round "02"]
[TimeControl "180+1"]
[Date "2022.03.22"]
[WhiteClock "0:00:05"]
[BlackClock "0:00:11"]

1. h4 d6 2. h5 h6 3. Nc3 Bf5 4. e4 Bh7 5. Bc4 e5 6. d3 Nc6 7. a3 f5 8. g4 f4 9. Nf3 Be7 10. d4 Bf6 11. dxe5 dxe5 12. Qd5 Qxd5 13. Bxd5 Nge7 14. Be6 Bg8 15. Bxg8 Rxg8 16. Bd2 O-O-O 17. O-O-O Nd4 18. Nxd4 Rxd4 19. f3 a6 20. Be1 Rgd8 21. Bf2 Rxd1+ 22. Rxd1 Rxd1+ 23. Kxd1 c6 24. Bb6 g6 25. Bc5 gxh5 26. gxh5 Kd7 27. Ke2 Ng8 28. Na4 b5 29. Nb6+ Kc7 30. a4 Be7 31. Bf2 Nf6 32. c4 bxa4 33. Nxa4 Nxh5 34. Bc5 Ng3+ 35. Kf2 Bf6 36. Bf8 h5 37. Kg2 Ne2 38. b4 h4 39. Nc5 Nd4 40. Nxa6+ Kd7 41. Bc5 h3+ 42. Kh1 Nxf3 43. b5 cxb5 44. cxb5 Bd8 45. Ba3 Bb6 46. Bb2 Nd2 47. Bxe5 f3 48. Bg3 Nxe4 49. Be1 Ba5 50. Bh4 Bd8 51. Be1 Kc8 52. Kh2 f2 53. Bxf2 Nxf2 54. Nc5 Bc7+ 55. Kg1 Ng4 56. Ne4 Bb6+ 57. Kh1 h2 58. Kg2 Bg1 59. Ng3 Nf2 60. Nh1 Ng4 61. b6 Kb7 62. Kh3 Ne3 63. Kg3 Nf5+ 64. Kg2 Nh4+ 65. Kh3 Kxb6 66. Kxh4 Bc5 67. Kh3 Bd6 68. Kg2 Bc5 69. Nf2 Bxf2 70. Kxh2 1/2-1/2


[Site "https://www.chess.com"]

[Event "Titled Tuesday Blitz March 22 Late 2022"]
[White "Vusatiuk, Vladimir"]
[Black "Mangialardo, Tiago Carvalho"]
[WhiteFideId "14118610"]
[BlackFideId "2130718"]
[WhiteElo "2157"]
[BlackElo "2089"]
[Result "1-0"]
[Round "02"]
[TimeControl "180+1"]
[Date "2022.03.22"]
[WhiteClock "0:00:29"]
[BlackClock "0:00:01"]

1. b4 Nf6 2. Bb2 e6 3. b5 Be7 4. Nf3 O-O 5. e3 d5 6. c4 c6 7. bxc6 Nxc6 8. cxd5 Nxd5 9. Nc3 Bf6 10. d4 Qa5 11. Qd2 Rd8 12. Nxd5 Qxd5 13. Be2 b5 14. O-O b4 15. Rfc1 Bb7 16. Qc2 a5 17. Qb3 Ne7 18. Rc7 Rac8 19. Rac1 Rxc7 20. Rxc7 Rc8 21. Bc4 a4 22. Qxb4 Rxc7 23. Bxd5 Nxd5 24. Qxa4 Bc6 25. Qa5 1-0


[Site "https://www.chess.com"]